 Dungeon Crawl Stone Soup version 0.29.1-15-g9cfb28693d (webtiles) character file.

Game seed: 4838112481494925243

1856 GigaChad the Cleaver (level 8, 0/70 HPs)
             Began as a Minotaur Fighter on Mar 12, 2023.
             Was an Initiate of Gozag.
             Constricted to death by Dowan (7 damage)
             ... on level 7 of the Dungeon.
             The game lasted 00:07:36 (5803 turns).

GigaChad the Cleaver (Minotaur Fighter)             Turns: 5803, Time: 00:07:37

Health: 0/70       AC:  8    Str: 23    XL:     8   Next: 89%
Magic:  7/7        EV:  7    Int:  5    God:    Gozag
Gold:   593        SH:  6    Dex: 10    Spells: 7/7 levels left

rFire   . . .      SeeInvis .   a - +0 war axe
rCold   . . .      Faith    .   c - +1 buckler
rNeg    . . .      Spirit   .   b - +0 scale mail
rPois   .          Reflect  .   (helmet restricted)
rElec   .          Harm     .   (no cloak)
rCorr   .          Rampage  .   (no gloves)
Will    .....                   (no boots)
Stlth   ..........              (no amulet)
HPRegen 0.21/turn               (no ring)
MPRegen 0.10/turn               (no ring)

@: grasped by roots, gold aura, constricted
A: horns 2, retaliatory headbutt
a: Renounce Religion, Potion Petition, Call Merchant, Bribe Branch


You were on level 7 of the Dungeon.
You worshipped Gozag.
Gozag was pleased with you.
You visited 1 branch of the dungeon, and saw 6 of its levels.

You collected 628 gold pieces.
You paid 35 gold pieces to Gozag.

Inventory:

Hand Weapons
 a - a +0 war axe (weapon)
Armour
 b - a +0 scale mail (worn)
 c - a +1 buckler (worn)
Jewellery
 n - an amulet of reflection
 u - a ring of protection from fire
Wands
 s - a wand of polymorph (10)
 v - a wand of paralysis (9)
Scrolls
 e - a scroll of amnesia
 g - a scroll of vulnerability {unknown}
 h - a scroll of blinking
 i - a scroll of teleportation {unknown}
 r - 3 scrolls of identify
Potions
 d - 3 potions of might
 f - 2 potions of flight {unknown}
 j - 2 potions of curing {unknown}
 k - 3 potions of mutation {unknown}
 l - a potion of haste {unknown}
 m - a potion of attraction {unknown}
 o - a potion of brilliance {unknown}
 p - a potion of lignification {unknown}
 q - a potion of resistance {unknown}
 t - a potion of heal wounds {unknown}


   Skills:
 + Level 6.0 Fighting
 + Level 8.9 Axes
 + Level 8.5 Armour
 + Level 2.9 Dodging
 + Level 1.3 Stealth
 + Level 5.4 Shields


You had 7 spell levels left.
You didn't know any spells.
Your spell library contained the following spells:

 Spells                   Type           Power      Damage    Failure   Level
 Apportation              Tloc           0%         N/A       83%         1
 Magic Dart               Conj           0%         1d3       83%         1
 Ensorcelled Hibernation  Hex/Ice        0%         N/A       93%         2
 Passwall                 Tmut/Erth      0%         N/A       93%         2
 Poisonous Vapours        Pois/Air       0%         N/A       93%         2
 Scorch                   Fire           0%         2d5       93%         2
 Searing Ray              Conj           0%         2d4       93%         2
 Swiftness                Air            0%         N/A       99%         3
 Flame Wave               Conj/Fire      0%         2d4       100%        4
 Fulminant Prism          Conj/Hex       0%         3d6       100%        4
 Alistair's Intoxication  Tmut/Pois      0%         N/A       100%        5
 Summon Cactus Giant      Summ           0%         N/A       100%        6
 Corpse Rot               Necr/Pois/Air  Unusable   N/A       N/A         4

Dungeon Overview and Level Annotations

Branches:
Dungeon (7/15)
 Temple: D:4-7

Altars:
Gozag
Hepliaklqana
Vehumet

Shops:
D:1 !   D:4 *

Annotations:
D:7 Dowan, Duvessa


Innate Abilities, Weirdness & Mutations

You have a pair of horns on your head.
You reflexively headbutt those who attack you in melee.


Message History

* * * LOW HITPOINT WARNING * * *
The ice beast hits you but does no damage.
You closely miss Dowan. You hit the ice beast. Dowan hits you with a +0 dagger.
* * * LOW HITPOINT WARNING * * *
The grasping roots constrict you. You block the ice beast's attack.
You escape the roots grasp.
Duvessa, Sister of Dowan comes into view.
She is wielding a +3 vampiric rapier.
Dowan zaps a wand.
The roots erupt in riotous growth!
The grasping roots grab you!
Dowan is unaffected.
The grasping roots constrict you.
* * * LOW HITPOINT WARNING * * *
A wight comes into view. It is wielding a +0 dagger.
You hear an angry hiss.
You hear a shout!
You escape the roots grasp.
Duvessa is distracted by your dazzling golden aura.
The ice beast is distracted by your dazzling golden aura.
The ice beast is no longer distracted by gold.
Dowan hits you but does no damage.
The ice beast hits you but does no damage.
Dowan is distracted by your dazzling golden aura.
The ice beast barely misses you. You furiously retaliate!
You headbutt the ice beast.
The wight is distracted by your dazzling golden aura.
A wight comes into view. It is wielding a +0 falchion.
Dowan shouts!
You slash the orc!
You kill the orc!
You barely miss the ice beast.
The wight is no longer distracted by gold.
The ice beast closely misses you.
The wight is distracted by your dazzling golden aura.
A wight comes into view. It is wielding a +4 falchion.
Duvessa shouts!
Dowan is no longer distracted by gold.
Dowan zaps a wand.
The roots erupt in riotous growth!
The ice beast is unaffected.
Dowan is unaffected.
The grasping roots grab you!
The wight is unaffected. x2; The grasping roots constrict you!
You die...
Your body crumbles into a pile of gold.

#####. $ # #....
# ..####... ..
......####...
#...........
#...........
#.ez...z.z.
#.Y...z....
#.@z....e..
.................
....###..........
.# ...........
#....##.#...
....## .#.##
.#...# ## #
#.....#


You could see Duvessa (fast), an ice beast, Dowan and 5 wights.

Vanquished Creatures
  Maggie (D:6)
  2 humans
  Menkaure (D:6)
  5 ogres
  2 bullfrogs (D:6)
  A necrophage (D:4)
  2 scorpions
  A howler monkey (D:5)
  3 hounds
  A jelly (D:4)
  An orc priest (D:4)
  An iguana (D:4)
  4 orc wizards
  3 gnolls (D:4)
  3 adders
  A white imp (D:5)
  A worm (D:2)
  3 dart slugs
  13 orcs
  6 ball pythons
  5 endoplasms
  A giant cockroach (D:4)
  5 hobgoblins (D:1)
  5 quokkas
  A frilled lizard (D:1)
  2 goblins
  3 kobolds
77 creatures vanquished.

Vanquished Creatures (others)
  8 plants (D:4)
8 creatures vanquished.

Grand Total: 85 creatures vanquished

Notes
Turn   | Place    | Note
-------+----------+-------------------------------------------
     0 | D:1      | GigaChad the Minotaur Fighter began the quest for the Orb.
     0 | D:1      | Reached XP level 1. HP: 19/19 MP: 0/0
   181 | D:1      | Reached XP level 2. HP: 21/27 MP: 1/1
   246 | D:1      | Found Qeyttep's Distillery.
  1169 | D:2      | Found a faded altar of an unknown god.
  1297 | D:2      | Reached XP level 3. HP: 32/33 MP: 2/2
  1335 | D:2      | You fall into a shaft and drop 2 floors!
  1335 | D:4      | Found Gozag's Platinum Reserve.
  1335 | D:4      | Found an opulent altar of Gozag.
  1341 | D:4      | Became a worshipper of Gozag Ym Sagoz the Greedy
  1572 | D:4      | Noticed a scorpion
  1584 | D:4      | Killed a scorpion
  1585 | D:4      | Reached skill level 5 in Armour
  1585 | D:4      | Reached XP level 4. HP: 11/40 MP: 3/3
  1979 | D:4      | Found a hazy altar of Hepliaklqana.
  2235 | D:4      | Noticed an ogre
  2252 | D:4      | Reached XP level 5. HP: 20/46 MP: 4/4
  2618 | D:4      | Killed an ogre
  2758 | D:4      | Reached XP level 6. HP: 53/53 MP: 5/5
  3031 | D:4      | Reached skill level 5 in Axes
  3288 | D:4      | Reached skill level 1 in Dodging
  3755 | D:5      | Entered Level 5 of the Dungeon
  3765 | D:5      | Reached XP level 7. HP: 43/60 MP: 6/6
  4008 | D:5      | Reached skill level 5 in Shields
  4517 | D:5      | Identified the +8 dagger of Blood-Lust {flame, rPois rF+
                  | MP+9}
  4588 | D:5      | Reached skill level 1 in Stealth
  5057 | D:6      | Found a radiant altar of Vehumet.
  5058 | D:6      | Noticed Maggie
  5074 | D:6      | Killed Maggie
  5075 | D:6      | Reached skill level 5 in Fighting
  5075 | D:6      | Reached XP level 8. HP: 55/68 MP: 7/7
  5311 | D:6      | Noticed Menkaure
  5318 | D:6      | Killed Menkaure
  5788 | D:7      | Noticed Dowan
  5797 | D:7      | Noticed Duvessa
  5803 | D:7      | Constricted to death by Dowan

Illustrated notes

Levels and vault maps discovered:
D:1:      lightli_arrival_flooded_house, layout_loops_cross, serial_shops,
          nicolae_shop_waterfront, amcnicky_mini_pool_small,
          supply_closet_lemuel
D:2:      layout_basic, basic_ecumenical_altar
D:4:      layout_rooms, nicolae_gozag_zags_fifth_avenue,
          nicolae_hepliaklqana_hippocampus, serial_forest,
          infiniplex_forest_lined_room_2, infiniplex_forest_lined_corner,
          infiniplex_forest_lined_2, infiniplex_forest_fountain,
          infiniplex_forest_clump_double, infiniplex_forest_lined_corner,
          infiniplex_forest_straight_3, infiniplex_forest_lined_corner,
          minmay_starry_boxes
D:5:      layout_loops_cross
D:6:      layout_cave_pools, amcnicky_altar_gilded, tso_oasis_becter,
          minmay_ruffians, uniq_menkaure, uniq_maggie
D:7:      layout_rooms, nicolae_overflow_hallway_of_the_gods,
          minmay_temple_entry_enclosed_plants, hangedman_abyss_or_decor_stagger,
          uniq_joseph, uniq_duvessa

Skill      XL: |  1  2  3  4  5  6  7  8 |
---------------+-------------------------+-----
Shields        | 4 5 |  5.4
Armour         | 4 5 6 7 8 |  8.5
Axes           | 3 4 5 7 8 |  8.9
Fighting       | 4 5 6 |  6.0
Dodging        | 1 2 |  2.9
Stealth        | 1 |  1.3

Action                   |  1- 3 |  4- 6 |  7- 9 || total
-------------------------+-------+-------+-------++-------
Melee: War axe           |    62 |    68 |   103 ||   233
       Headbutt          |     6 |    16 |    17 ||    39
  Use: Scroll            |     6 |     1 |     1 ||     8
Armor: Scale mail        |    21 |    29 |    32 ||    82
Dodge: Dodged            |    15 |    31 |    49 ||    95
Block: Buckler           |    14 |    23 |    34 ||    71
